 Dungeon Crawl Stone Soup version 0.22-a0-558-gc224181 (webtiles) character file.

63 Hebeh the Skirmisher (level 3, -2/33 HPs)
             Began as a Minotaur Fighter on June 27, 2018.
             Slain by Sigmund
             ... wielding a +0 scythe
              (7 damage)
             ... on level 3 of the Dungeon.
             The game lasted 00:04:51 (1427 turns).

Hebeh the Skirmisher (Minotaur Fighter)             Turns: 1427, Time: 00:04:52

Health: -2/33      AC:  7    Str: 21    XL:     3   Next: 89%
Magic:  2/2        EV:  7    Int:  5    God:
Gold:   125        SH:  0    Dex:  9    Spells: 2/2 levels left

rFire    . . .     SeeInvis .   a - +0 war axe
rCold    . . .     Gourm    .   c - +0 shield
rNeg     . . .     Faith    .   b - +0 scale mail
rPois    .         Spirit   .   (helmet restricted)
rElec    .         Reflect  .   (no cloak)
rCorr    .         Harm     .   (no gloves)
MR       .....                  (no boots)
Stlth    ..........             (no amulet)
HPRegen  0.11/turn              (no ring)
MPRegen  0.08/turn              (no ring)

@: confused
A: retaliatory headbutt, horns 2
a: no special abilities


You were on level 3 of the Dungeon.
You were not hungry.

You visited 1 branch of the dungeon, and saw 3 of its levels.

You collected 125 gold pieces.

Inventory:

Hand Weapons
 a - a +0 war axe (weapon)
Armour
 b - a +0 scale mail (worn)
 c - a +0 shield (worn)
Jewellery
 q - an uncursed amulet of guardian spirit {unknown}
Scrolls
 e - 2 scrolls of teleportation {unknown}
 h - 3 scrolls of identify {unknown}
 j - 2 scrolls of random uselessness {unknown}
 l - a scroll of enchant weapon {unknown}
 n - a scroll of remove curse {unknown}
 o - a scroll of fear {unknown}
Potions
 d - a potion of might
 i - 2 potions of invisibility {unknown}
 k - 4 potions of curing {unknown}
 m - a potion of flight {unknown}
 p - a potion of degeneration {unknown}
Comestibles
 f - 5 rations
 g - a chunk of flesh


   Skills:
 + Level 4.1 Fighting
 * Level 3.7 Axes
 + Level 4.1 Armour
 + Level 4.1 Shields


You had 2 spell levels left.
You didn't know any spells.
Your spell library was empty.

Dungeon Overview and Level Annotations

Branches:
Dungeon (3/15)

Altars:
Elyvilon
Okawaru

Annotations:
D:3 Sigmund


Innate Abilities, Weirdness & Mutations

You reflexively headbutt those who attack you in melee.
You have a pair of horns on your head.


Message History

You resist with significant effort. The kobold hits you but does no damage.
The adder completely misses you.
Sigmund points at you and mumbles some strange words.
The puff of flame hits you!
* * * LOW HITPOINT WARNING * * *
You closely miss the adder. You closely miss Sigmund.
You closely miss the kobold. You block the kobold's attack.
The adder bites you.
* * * LOW HITPOINT WARNING * * *
Sigmund gestures at you while chanting.
You are confused.
The kobold barely misses you. The adder bites you but does no damage.
You are too injured to fight recklessly!
Unknown command.
You are too injured to fight recklessly!
You are too injured to fight recklessly!
The adder bites you.
* * * LOW HITPOINT WARNING * * *
Sigmund hits you from afar with a scythe!
You die...

...# ..... ...#.
.....####
#.......# .#
#.......### ..=#
......@.K.#.....
......w.SK......
.......@..#.....
................
........?.###.$.
..........#
#........##
..........
..........
...........


You could see Sigmund, a worm, an adder and 2 kobolds.

Vanquished Creatures
  2 adders (D:2)
  A worm (D:2)
  3 dart slugs (D:1)
  A leopard gecko (D:1)
  2 giant cockroaches
  A goblin (D:1)
  5 hobgoblins
  7 kobolds
  7 bats
  4 frilled lizards (D:2)
  3 rats
36 creatures vanquished.

Notes
Turn   | Place    | Note
-------+----------+-------------------------------------------
     0 | D:1      | Hebeh the Minotaur Fighter began the quest for the Orb.
     0 | D:1      | Reached XP level 1. HP: 19/19 MP: 0/0
   219 | D:1      | Reached XP level 2. HP: 26/27 MP: 1/1
   912 | D:2      | Reached XP level 3. HP: 33/33 MP: 2/2
  1172 | D:2      | Found an iron altar of Okawaru.
  1182 | D:2      | Found a white marble altar of Elyvilon.
  1415 | D:3      | Noticed Sigmund
  1427 | D:3      | Slain by Sigmund

Vault maps used:
D:1:      dpeg_arrival_rooms_b
D:2:      overflow_temple_1_default, okawaru_gym_becter
D:3:      first_ration, uniq_sigmund

Skill      XL: |  1  2  3 |
---------------+----------+-----
Axes           | 3 |  3.7
Fighting       | 4 |  4.1
Armour         | 4 |  4.1
Shields        | 4 |  4.1

Action                   || total
-------------------------++-------
Melee: War axe           ||    89
       Headbutt          ||    15
  Eat: Chunk             ||     2
Armor: Scale mail        ||    48
Dodge: Dodged            ||    29
Block: Shield            ||    40

Table legend:
 A = Spawn XP
 B = Non-spawn XP
 C = Spawn XP percentage of total XP
 D = Spawn monster count
 E = Non-spawn monster count
 F = Spawn count percentage of total count
 G = Total turns spent on level
                    A         B        C        D         E        F      G
               +---------+---------+-------+---------+---------+-------+---------
         Total |       0 |      91 |   0.0 |       0 |      36 |   0.0 |  1427
               +---------+---------+-------+---------+---------+-------+---------
           D:1 |       0 |      38 |   0.0 |       0 |      19 |   0.0 |   867
           D:2 |       0 |      53 |   0.0 |       0 |      17 |   0.0 |   548
               +---------+---------+-------+---------+---------+-------+---------
